 Dungeon Crawl Stone Soup version 0.25.1-8-g42b30a86e7 (webtiles) character file.

Game seed: 4716580583094570225

1292 Devam the Changer (level 8, -2/55 HPs)
             Began as an Octopode Transmuter on Dec 21, 2020.
             Was an Initiate of Cheibriados.
             Slain by a wight
             ... wielding a cursed +5 scimitar of freezing
              (4 damage)
             ... on level 5 of the Dungeon.
             The game lasted 00:56:24 (10025 turns).

Devam the Changer (Octopode Transmuter)            Turns: 10025, Time: 00:56:24

Health: -2/55      AC:  1    Str: 10    XL:     8   Next: 56%
Magic:  5/12       EV: 12    Int: 18    God:    Cheibriados [......]
Gold:   287        SH:  0    Dex: 14    Spells: 3/13 levels left

rFire    . . .     SeeInvis .     - Unarmed
rCold    . . .     Gourm    .   (no shield)
rNeg     . . .     Faith    .   (helmet restricted)
rPois    .         Spirit   .   y - amulet of regeneration
rElec    .         Reflect  .   l - ring of ice
rCorr    .         Harm     .   B - ring of fire
MR       .....                  (no ring)
Stlth    +++.......             (no ring)
HPRegen  0.58/turn              (no ring)
MPRegen  0.13/turn              (no ring)
                                (no ring)
                                (no ring)

@: appendage, heavily drained, very slow
A: almost no armour, stealthy swim, amphibious, 8 rings, constrict 8, tentacle
spike 3, camouflage 1, gelatinous body 1
a: End Transformation, Bend Time, Renounce Religion


You were on level 5 of the Dungeon.
You worshipped Cheibriados.
Cheibriados was noncommittal.
You were not hungry.
One of your tentacles had a temporary spike.
You visited 2 branches of the dungeon, and saw 6 of its levels.
You also visited: Sewer and Ossuary.

You collected 287 gold pieces.

Inventory:

Missiles
 a - 5 arrows
 d - 92 stones
 n - 4 boomerangs (quivered)
 s - 6 poisoned darts
Armour
 m - a +2 kite shield
Jewellery
 l - a ring of ice (left tentacle)
 y - an amulet of regeneration (around mantle)
 B - a ring of fire (right tentacle)
Wands
 j - a wand of random effects (43)
 p - a wand of acid (14)
Scrolls
 f - a scroll of fear
 g - 4 scrolls of teleportation
 x - 3 scrolls of enchant weapon
Potions
 b - a potion of resistance
 e - a potion of cancellation
 h - a potion of berserk rage
 i - 2 potions of mutation
 k - 5 potions of stabbing
 o - 3 potions of flight
 r - 5 potions of heal wounds
 t - 5 potions of might
 u - 4 potions of curing {@q1}
 v - 2 potions of brilliance
 C - a potion of magic
Comestibles
 c - 6 rations
 q - a chunk of flesh


   Skills:
 - Level 5.0(3.7) Fighting
 - Level 2.0(0.8) Dodging
 - Level 4.0(2.8) Stealth
 - Level 3.0(1.8) Unarmed Combat
 - Level 3.0(1.8) Spellcasting
 + Level 6.2(5.0) Transmutations
 - Level 4.0(2.8) Ice Magic
 - Level 3.0(1.8) Poison Magic


You had 3 spell levels left.
You knew the following spells:

 Your Spells              Type           Power        Failure   Level  Hunger
a - Beastly Appendage     Tmut           ###...       2%          1    #......
b - Sticks to Snakes      Tmut           ###.....     3%          2    ###....
c - Spider Form           Tmut/Pois      ##........   14%         3    ###....
d - Ice Form              Ice/Tmut       ###.....     36%         4    #####..

Your spell library contained the following spells:

 Spells                   Type           Power        Failure   Level  Hunger
 Summon Small Mammal      Summ           #...         19%         1    #......
 Call Imp                 Summ           #.......     28%         2    ###....
 Call Canine Familiar     Summ           #.......     50%         3    ###....
 Summon Guardian Golem    Hex/Summ       #.......     50%         3    ###....
 Blade Hands              Tmut           ###.......   54%         5    ######.
 Summon Ice Beast         Ice/Summ       ##......     71%         4    #####..
 Summon Lightning Spire   Summ/Air       #.......     88%         4    #####..


Dungeon Overview and Level Annotations

Branches:
Dungeon (5/15)             Temple (1/1) D:5           Sewer (visited)
Ossuary (visited)

Altars:
Ashenzari
Cheibriados
Gozag
Hepliaklqana
Makhleb
Qazlal
Trog
Xom
Yredelemnul
Zin
The Shining One

Annotations:
D:4 2 transporters


Innate Abilities, Weirdness & Mutations

You cannot wear most types of armour.
You are very stealthy in the water. (Stealth+)
You are amphibious.
You can wear up to eight rings at the same time.
You can use your tentacles to constrict eight enemies at once.
Your skin changes colour to match your surroundings (Stealth+).
Your rubbery body absorbs attacks. (AC +1, EV +1)
One of your tentacles bears a large vicious spike.


Message History

The wight is lightly damaged.
The wight hits you with a cursed +5 scimitar of freezing!
The wight freezes you.
You barely miss the wight. Your grab misses the wight.
You pierce the wight.
You squeeze the wight, but do no damage.
The wight is moderately damaged.
The wight hits you with a cursed +5 scimitar of freezing!
The wight freezes you.
You closely miss the wight. Your grab misses the wight.
You pierce the wight, but do no damage.
The wight is moderately damaged.
You tentacle-slap the wight. You grab the wight.
The wight is heavily damaged.
You constrict the wight, but do no damage.
The wight hits you with a cursed +5 scimitar of freezing!
* * * LOW HITPOINT WARNING * * *
You feel drained.
* * * LOW HITPOINT WARNING * * *
The wight freezes you.
You die...

##.# ##.....## #...
##..# ##.......## #.#.
##...####.........###...
#.......+.........+.....
##...####.........###...
#....รท.##.......## #.#.
#.#.##.###.....## #.##
#.#.##.# ##...## #...
...#.##@# ##'## ####
.....##z# #.# #.. ####.#
#.# ##. #.# ##.##
#..zz.).# ##...##
#.####### #.....#
#.##########...##
#.........[.....########
###############.........


You could see a wight.

Vanquished Creatures
  An ogre (D:4)
  A big kobold (Sewer)
  A scorpion (D:5)
  2 wights (D:5)
  A howler monkey (D:4)
  4 centaur zombies (Ossuary)
  A crimson imp (D:5)
  2 hounds (D:5)
  An orc priest (D:4)
  Crazy Yiuf (D:4)
  An iguana (D:3)
  2 orc wizards (D:4)
  3 worker ants (D:4)
  A big kobold zombie (Ossuary)
  An ogre zombie (Ossuary)
  7 mummies (Ossuary)
  Robin (D:2)
  A gnoll (D:5)
  12 adders
  6 river rats
  An ooze (D:4)
  4 adder zombies (Ossuary)
  2 worms
  4 dart slugs
  2 leopard geckos
  8 orcs
  6 bats
  2 giant cockroaches (D:4)
  A gnoll zombie (Ossuary)
  17 goblins
  9 hobgoblins
  9 jackals
  7 ball pythons
  3 frilled lizards
  4 goblin zombies (Ossuary)
  5 hobgoblin zombies (Ossuary)
  17 kobolds
  5 kobold zombies (Ossuary)
  A quokka skeleton (D:4)
  A quokka zombie (Ossuary)
  24 rats
  4 rat zombies (Ossuary)
  A fungus (D:4)
187 creatures vanquished.

Vanquished Creatures (collateral kills)
  A wight (D:5)
  A jelly (D:3)
  2 worker ants (D:4)
  A hound zombie (D:4)
  3 gnolls (D:5)
  An adder (Sewer)
  A worm (D:2)
  4 rats
14 creatures vanquished.

Grand Total: 201 creatures vanquished

Notes
Turn   | Place    | Note
-------+----------+-------------------------------------------
     0 | D:1      | Devam the Octopode Transmuter began the quest for the Orb.
     0 | D:1      | Reached XP level 1. HP: 13/13 MP: 3/3
   283 | D:1      | Reached XP level 2. HP: 18/18 MP: 1/5
   586 | D:1      | Reached skill level 3 in Transmutations
  1053 | D:1      | Learned a level 2 spell: Sticks to Snakes
  1246 | D:2      | Reached XP level 3. HP: 23/23 MP: 3/6
  1434 | D:2      | Found a shimmering altar of Xom.
  1556 | D:2      | Reached skill level 4 in Transmutations
  1713 | D:2      | Reached XP level 4. HP: 16/28 MP: 0/7
  2522 | D:3      | Noticed Robin
  2528 | D:2      | Killed Robin
  3184 | D:3      | Reached skill level 5 in Transmutations
  3184 | D:3      | Reached XP level 5. HP: 33/33 MP: 6/8
  3209 | D:3      | Learned a level 3 spell: Spider Form
  3836 | D:3      | Reached skill level 1 in Poison Magic
  4296 | D:4      | Found a glowing drain.
  4313 | D:4      | Reached skill level 1 in Stealth
  4313 | D:4      | Reached XP level 6. HP: 15/38 MP: 3/9
  4327 | Sewer    | Entered a sewer
  4783 | Sewer    | Learned a level 4 spell: Ice Form
  6093 | D:4      | Reached XP level 7. HP: 43/43 MP: 9/11
  7256 | D:4      | Found a transporter.
  7672 | D:4      | Found a transporter.
  8041 | D:4      | Found a runed translucent door.
  8042 | D:4      | Noticed Crazy Yiuf
  8052 | D:4      | Killed Crazy Yiuf
  8208 | D:5      | Entered Level 5 of the Dungeon
  8215 | D:5      | Found a stormy altar of Qazlal.
  8433 | D:5      | Found a sand-covered staircase.
  8443 | D:5      | Reached skill level 1 in Ice Magic
  8449 | Ossuary  | Entered an ossuary
  8537 | Ossuary  | Reached XP level 8. HP: 54/54 MP: 12/12
  8625 | Ossuary  | Reached skill level 5 in Fighting
  9701 | D:5      | Found a staircase to the Ecumenical Temple.
  9707 | Temple   | Entered the Ecumenical Temple
  9723 | Temple   | Became a worshipper of Cheibriados the Contemplative
  9895 | D:5      | Reached skill level 6 in Transmutations
 10025 | D:5      | HP: 2/55 [wight/cursed +5 scimitar of freezing (6)]
 10025 | D:5      | Slain by a wight

Illustrated notes

Levels and vault maps discovered:
D:1:      dpeg_arrival_stone_temple_mockup, layout_loops_ring
D:2:      layout_loops_corners, old_standard_altar
D:3:      layout_loops_ring, minmay_cut_off, uniq_robin
D:4:      gammafunk_cloud_chamber, layout_cave_pools, first_ration,
          portal_sewer_entry_a, uniq_crazy_yiuf_cottage
D:5:      layout_loops_corners, kennysheep_mini,
          minmay_temple_entry_enclosed_plants, nicolae_ossuary_entry_ruins,
          minmay_misc_feat_enclosed, supply_closet_lemuel
Temple:   compressed_dpeg_circular_temple

Skill      XL: |  1  2  3  4  5  6  7  8 |
---------------+-------------------------+-----
Transmutations | 3 4 5 6 |  6.2
Poison Magic   | 3 |  3.0
Stealth        | 1 4 |  4.0
Spellcasting   | 3 |  3.0
Fighting       | 4 5 |  5.0
Ice Magic      | 1 4 |  4.0
Dodging        | |  2.0
Unarmed Combat | |  3.0

Action                   |  1- 3 |  4- 6 |  7- 9 || total
-------------------------+-------+-------+-------++-------
Melee: Unarmed           |    44 |   196 |   265 ||   505
       Constrict         |    13 |    32 |    39 ||    84
       Tentacles         |     4 |    19 |    34 ||    57
       Kick              |     8 |    30 |    57 ||    95
       Punch             |       |     6 |     3 ||     9
Throw: Stone             |     8 |     2 |       ||    10
       Boomerang         |       |     5 |    10 ||    15
       Dart              |       |       |     5 ||     5
 Cast: Beastly Appendage |    26 |    33 |    22 ||    81
       Sticks to Snakes  |     8 |    20 |    16 ||    44
       Spider Form       |       |    13 |    22 ||    35
  Use: Scroll            |       |     2 |    15 ||    17
       Potion            |       |       |     4 ||     4
 Stab: Sleeping          |     8 |     6 |    19 ||    33
       Distracted        |       |     2 |     1 ||     3
  Eat: Chunk             |     3 |    18 |    12 ||    33
       Ration            |       |       |     1 ||     1
Armor: Skin              |     2 |     4 |    11 ||    17
Dodge: Dodged            |    24 |   132 |   148 ||   304
